[ AOE2 MATCH · #477727177 ]
Team RMFranks vs Mongols
[ REPLAY ANALYSIS · EXTRACTED FROM THE RECORDED GAME ]
Feudal
11:39
Castle
19:02
Imperial
—
| APM avg | 23.0 |
| APM peak | 47 |
| eAPM avg | 16.2 |
| Villagers / military | 134 / 27 |
Focus
⚔️ 18.1% · 🌾 81.9%
Knight ×19 · Petard ×4 · Spearman ×4 · Trade Cart ×4
Feudal
12:47
Castle
17:07
Imperial
32:06
| APM avg | 34.0 |
| APM peak | 124 |
| eAPM avg | 17.2 |
| Villagers / military | 151 / 70 |
Focus
⚔️ 19.1% · 🌾 80.9%
Woad Raider ×53 · Mangonel ×10 · Trebuchet (Packed) ×5 · Monk ×2
Feudal
9:46
Castle
14:12
Imperial
31:14
| APM avg | 15.6 |
| APM peak | 32 |
| eAPM avg | 10.0 |
| Villagers / military | 102 / 23 |
Focus
⚔️ 14.7% · 🌾 85.3%
Ballista Elephant ×17 · Knight ×3 · Trebuchet (Packed) ×2 · Monk ×1
Feudal
9:43
Castle
15:37
Imperial
35:29
| APM avg | 46.2 |
| APM peak | 113 |
| eAPM avg | 18.1 |
| Villagers / military | 105 / 52 |
Focus
⚔️ 20.4% · 🌾 79.6%
Mangudai ×49 · Battering Ram ×3
Match map
Initial resources + every placement click. Lines = walls · curves = elevation contours. ◆ gold · ⬟ stone · ● berries · ✦ relic · ◌ wall gap
Your base· Open — opponent sealed themselves in
Longplaying's base· ✓ Closed at 17:07 · 18t walls · 1 gate(s)
PhOeNiX's base· Open — opponent sealed themselves in
f.bdz's base· ✓ Closed at 15:37 · 19t walls · 1 gate(s)
Smoothed initial terrain · ◌ = detected wall gap · hover for details
Inputs per minute
— drdany - - Longplaying
Build order — drdany
First 150 of 321 actions detected
| 0:02 | Build | House |
| 0:05 | Build | House |
| 0:05 | Create | Villager (Male) |
| 0:06 | Create | Villager (Male) |
| 0:06 | Create | Villager (Male) |
| 0:06 | Create | Villager (Male) |
| 0:07 | Create | Villager (Male) |
| 1:30 | Create | Villager (Male) |
| 2:08 | Create | Villager (Male) |
| 2:09 | Create | Villager (Male) |
| 2:09 | Create | Villager (Male) |
| 2:34 | Create | Villager (Male) |
| 2:34 | Create | Villager (Male) |
| 2:34 | Create | Villager (Male) |
| 3:19 | Create | Villager (Male) |
| 3:19 | Create | Villager (Male) |
| 3:46 | Create | Villager (Male) |
| 3:47 | Create | Villager (Male) |
| 4:01 | Create | Villager (Male) |
| 4:01 | Create | Villager (Male) |
| 4:44 | Build | House |
| 4:48 | Research | Loom |
| 4:48 | Create | Villager (Male) |
| 4:49 | Create | Villager (Male) |
| 4:49 | Create | Villager (Male) |
| 5:14 | Build | Mill |
| 5:45 | Create | Villager (Male) |
| 6:16 | Create | Villager (Male) |
| 6:31 | Build | House |
| 7:03 | Create | Villager (Male) |
| 7:03 | Create | Villager (Male) |
| 7:03 | Create | Villager (Male) |
| 8:28 | Build | Mill |
| 8:37 | Build | Lumber Camp |
| 8:39 | Create | Villager (Male) |
| 8:39 | Create | Villager (Male) |
| 8:39 | Create | Villager (Male) |
| 9:19 | Research | Feudal Age |
| 9:32 | Build | Mining Camp |
| 10:40 | Build | Farm |
| 10:41 | Build | Farm |
| 10:59 | Create | Villager (Male) |
| 10:59 | Create | Villager (Male) |
| 11:06 | Create | Villager (Male) |
| 11:20 | Build | Farm |
| 11:21 | Build | Farm |
| 11:39 | Age | Feudal Age |
| 11:49 | Create | Villager (Male) |
| 12:23 | Research | Double-Bit Axe |
| 12:30 | Create | Villager (Male) |
| 12:30 | Create | Villager (Male) |
| 12:54 | Create | Villager (Male) |
| 12:54 | Create | Villager (Male) |
| 13:09 | Build | House |
| 13:16 | Build | Blacksmith |
| 13:29 | Build | Market |
| 14:30 | Build | Farm |
| 14:31 | Build | Farm |
| 14:32 | Build | Farm |
| 14:47 | Build | Farm |
| 14:49 | Build | Farm |
| 14:52 | Build | Farm |
| 14:59 | Build | Farm |
| 15:24 | Build | Farm |
| 15:25 | Build | Farm |
| 15:26 | Build | Farm |
| 15:37 | Build | Farm |
| 16:02 | Build | Farm |
| 16:22 | Research | Castle Age |
| 16:47 | Build | Barracks |
| 17:17 | Build | Gate |
| 17:25 | Create | Villager (Male) |
| 17:25 | Create | Villager (Male) |
| 17:27 | Create | Villager (Male) |
| 18:27 | Build | Mining Camp |
| 18:40 | Build | Stone Wall |
| 18:50 | Create | Spearman |
| 18:50 | Create | Spearman |
| 18:50 | Create | Spearman |
| 18:51 | Create | Spearman |
| 19:02 | Build | House |
| 19:02 | Age | Castle Age |
| 19:03 | Build | House |
| 19:03 | Build | House |
| 19:03 | Build | House |
| 19:03 | Build | House |
| 19:04 | Build | House |
| 19:04 | Build | House |
| 19:04 | Build | House |
| 19:04 | Build | House |
| 19:05 | Build | House |
| 19:09 | Create | Villager (Male) |
| 19:10 | Create | Villager (Male) |
| 19:20 | Build | Town Center |
| 19:58 | Build | Gate |
| 20:30 | Create | Villager (Male) |
| 20:37 | Create | Villager (Male) |
| 20:38 | Create | Villager (Male) |
| 20:38 | Create | Villager (Male) |
| 21:03 | Build | Town Center |
| 21:09 | Create | Villager (Male) |
| 21:11 | Create | Villager (Male) |
| 21:11 | Create | Villager (Male) |
| 21:12 | Create | Villager (Male) |
| 21:20 | Create | Villager (Male) |
| 21:33 | Build | Stone Wall |
| 21:47 | Build | Farm |
| 21:47 | Build | Farm |
| 21:48 | Build | Farm |
| 21:50 | Build | Farm |
| 22:06 | Build | Farm |
| 22:12 | Build | House |
| 22:12 | Build | House |
| 22:13 | Build | House |
| 22:13 | Build | House |
| 22:17 | Create | Villager (Male) |
| 22:17 | Create | Villager (Male) |
| 22:18 | Create | Villager (Male) |
| 22:18 | Create | Villager (Male) |
| 22:24 | Create | Villager (Male) |
| 22:27 | Research | Stone Mining |
| 22:41 | Create | Villager (Male) |
| 22:42 | Create | Villager (Male) |
| 22:42 | Create | Villager (Male) |
| 22:42 | Create | Villager (Male) |
| 22:46 | Create | Villager (Male) |
| 22:47 | Create | Villager (Male) |
| 22:52 | Research | Gold Mining |
| 22:54 | Create | Villager (Male) |
| 22:54 | Create | Villager (Male) |
| 23:03 | Build | Stone Wall |
| 23:17 | Build | Gate |
| 23:30 | Build | Stone Wall |
| 23:45 | Create | Villager (Male) |
| 23:46 | Create | Villager (Male) |
| 24:15 | Build | Farm |
| 24:16 | Build | Farm |
| 24:16 | Build | Farm |
| 24:17 | Build | Farm |
| 24:20 | Create | Villager (Male) |
| 24:21 | Create | Villager (Male) |
| 24:22 | Create | Villager (Male) |
| 24:23 | Create | Villager (Male) |
| 24:24 | Create | Villager (Male) |
| 24:25 | Create | Villager (Male) |
| 24:28 | Research | Gold Shaft Mining |
| 24:47 | Build | Town Center |
| 25:04 | Build | Farm |
| 25:04 | Build | Farm |
| 25:05 | Build | Farm |
Build order — Longplaying
First 150 of 336 actions detected
| 0:02 | Create | Villager (Male) |
| 0:02 | Create | Villager (Male) |
| 0:02 | Create | Villager (Male) |
| 0:02 | Create | Villager (Male) |
| 0:03 | Build | House |
| 0:04 | Build | House |
| 0:54 | Research | Loom |
| 0:54 | Create | Villager (Male) |
| 0:55 | Create | Villager (Male) |
| 0:55 | Create | Villager (Male) |
| 0:55 | Create | Villager (Male) |
| 2:17 | Build | Palisade Wall |
| 2:20 | Build | Palisade Gate |
| 2:25 | Create | Villager (Male) |
| 2:26 | Create | Villager (Male) |
| 2:26 | Create | Villager (Male) |
| 2:26 | Create | Villager (Male) |
| 3:04 | Create | Villager (Male) |
| 3:04 | Create | Villager (Male) |
| 3:04 | Create | Villager (Male) |
| 3:28 | Build | Lumber Camp |
| 3:56 | Create | Villager (Male) |
| 3:57 | Create | Villager (Male) |
| 3:57 | Create | Villager (Male) |
| 3:57 | Create | Villager (Male) |
| 3:57 | Create | Villager (Male) |
| 4:50 | Build | House |
| 4:55 | Create | Villager (Male) |
| 4:55 | Create | Villager (Male) |
| 4:56 | Create | Villager (Male) |
| 5:26 | Create | Villager (Male) |
| 5:26 | Create | Villager (Male) |
| 5:33 | Create | Villager (Male) |
| 5:34 | Create | Villager (Male) |
| 6:04 | Build | House |
| 6:38 | Create | Villager (Male) |
| 6:38 | Create | Villager (Male) |
| 7:26 | Build | Mill |
| 7:31 | Create | Villager (Male) |
| 7:32 | Create | Villager (Male) |
| 8:00 | Create | Villager (Male) |
| 8:00 | Create | Villager (Male) |
| 8:01 | Create | Villager (Male) |
| 8:34 | Build | Mill |
| 8:41 | Build | House |
| 8:43 | Build | House |
| 8:46 | Create | Villager (Male) |
| 8:46 | Create | Villager (Male) |
| 8:46 | Create | Villager (Male) |
| 8:46 | Create | Villager (Male) |
| 9:57 | Create | Villager (Male) |
| 10:30 | Research | Feudal Age |
| 10:42 | Build | Mining Camp |
| 11:39 | Build | Farm |
| 11:40 | Build | Farm |
| 11:43 | Build | Farm |
| 12:14 | Create | Villager (Male) |
| 12:14 | Create | Villager (Male) |
| 12:47 | Age | Feudal Age |
| 12:55 | Build | Blacksmith |
| 13:15 | Build | Market |
| 13:23 | Build | Farm |
| 13:25 | Create | Villager (Male) |
| 13:34 | Create | Villager (Male) |
| 13:39 | Build | Farm |
| 13:42 | Create | Villager (Male) |
| 14:04 | Build | Farm |
| 14:21 | Research | Castle Age |
| 14:36 | Build | Farm |
| 16:01 | Build | Lumber Camp |
| 17:07 | Age | Castle Age |
| 17:09 | Create | Villager (Male) |
| 17:09 | Create | Villager (Male) |
| 17:16 | Build | Town Center |
| 17:19 | Create | Villager (Male) |
| 17:19 | Create | Villager (Male) |
| 17:19 | Create | Villager (Male) |
| 17:33 | Research | Double-Bit Axe |
| 17:35 | Research | Horse Collar |
| 18:24 | Create | Villager (Male) |
| 18:25 | Create | Villager (Male) |
| 18:32 | Build | Town Center |
| 18:43 | Create | Villager (Male) |
| 18:43 | Create | Villager (Male) |
| 18:43 | Create | Villager (Male) |
| 18:43 | Create | Villager (Male) |
| 18:44 | Create | Villager (Male) |
| 18:52 | Research | Bow Saw |
| 18:53 | Research | Heavy Plow |
| 19:07 | Build | Farm |
| 19:14 | Create | Villager (Male) |
| 19:14 | Create | Villager (Male) |
| 19:23 | Build | Mill |
| 19:24 | Build | Farm |
| 19:25 | Build | Farm |
| 19:41 | Create | Villager (Male) |
| 19:41 | Create | Villager (Male) |
| 19:43 | Build | House |
| 19:45 | Build | House |
| 19:45 | Build | House |
| 19:46 | Build | House |
| 19:50 | Build | Farm |
| 20:05 | Build | Farm |
| 20:08 | Build | Farm |
| 20:11 | Create | Villager (Male) |
| 20:27 | Build | Farm |
| 20:32 | Build | Farm |
| 20:37 | Build | Farm |
| 20:38 | Build | Farm |
| 20:41 | Build | Farm |
| 20:42 | Create | Villager (Male) |
| 20:42 | Create | Villager (Male) |
| 20:51 | Create | Villager (Male) |
| 21:06 | Build | Mining Camp |
| 21:14 | Build | House |
| 21:14 | Build | House |
| 21:17 | Build | House |
| 21:18 | Build | House |
| 21:21 | Build | Farm |
| 21:22 | Create | Villager (Male) |
| 21:24 | Create | Villager (Male) |
| 21:24 | Create | Villager (Male) |
| 21:33 | Build | Farm |
| 21:33 | Build | Farm |
| 21:34 | Build | Farm |
| 21:38 | Build | Farm |
| 22:13 | Create | Villager (Male) |
| 22:13 | Create | Villager (Male) |
| 22:14 | Create | Villager (Male) |
| 22:14 | Create | Villager (Male) |
| 22:14 | Create | Villager (Male) |
| 22:14 | Create | Villager (Male) |
| 22:18 | Build | Farm |
| 22:21 | Build | Farm |
| 22:26 | Create | Villager (Male) |
| 22:27 | Create | Villager (Male) |
| 22:35 | Build | Monastery |
| 22:39 | Build | Farm |
| 22:45 | Create | Villager (Male) |
| 22:46 | Create | Villager (Male) |
| 22:46 | Create | Villager (Male) |
| 23:05 | Create | Villager (Male) |
| 23:05 | Create | Villager (Male) |
| 23:06 | Create | Villager (Male) |
| 23:07 | Create | Villager (Male) |
| 23:07 | Create | Villager (Male) |
| 23:07 | Create | Villager (Male) |
| 23:11 | Build | Farm |
| 23:27 | Build | House |
| 23:28 | Build | House |
Build order — PhOeNiX
First 150 of 214 actions detected
| 0:00 | Create | Villager (Male) |
| 0:01 | Create | Villager (Male) |
| 0:01 | Create | Villager (Male) |
| 0:02 | Create | Villager (Male) |
| 0:05 | Build | House |
| 0:08 | Build | House |
| 1:25 | Create | Villager (Male) |
| 1:25 | Create | Villager (Male) |
| 2:01 | Create | Villager (Male) |
| 2:15 | Build | Lumber Camp |
| 2:18 | Create | Villager (Male) |
| 2:19 | Create | Villager (Male) |
| 2:38 | Build | House |
| 2:45 | Create | Villager (Male) |
| 2:46 | Create | Villager (Male) |
| 3:16 | Create | Villager (Male) |
| 3:16 | Create | Villager (Male) |
| 3:56 | Create | Villager (Male) |
| 3:56 | Create | Villager (Male) |
| 4:22 | Create | Villager (Male) |
| 4:23 | Create | Villager (Male) |
| 4:40 | Build | House |
| 4:54 | Create | Villager (Male) |
| 4:54 | Create | Villager (Male) |
| 5:09 | Build | Mill |
| 5:31 | Create | Villager (Male) |
| 5:31 | Create | Villager (Male) |
| 5:31 | Create | Villager (Male) |
| 5:59 | Create | Villager (Male) |
| 6:24 | Create | Villager (Male) |
| 7:29 | Build | Mining Camp |
| 7:32 | Research | Feudal Age |
| 8:25 | Build | House |
| 9:46 | Age | Feudal Age |
| 10:28 | Create | Villager (Male) |
| 10:28 | Create | Villager (Male) |
| 11:02 | Build | House |
| 11:32 | Research | Castle Age |
| 11:40 | Build | Stable |
| 11:54 | Build | Farm |
| 11:59 | Build | Farm |
| 12:04 | Build | Farm |
| 12:40 | Build | House |
| 12:55 | Research | Double-Bit Axe |
| 13:18 | Research | Horse Collar |
| 13:56 | Research | Gold Mining |
| 14:12 | Age | Castle Age |
| 14:15 | Create | Villager (Male) |
| 14:16 | Create | Villager (Male) |
| 14:21 | Create | Knight |
| 14:21 | Create | Knight |
| 14:36 | Create | Knight |
| 14:46 | Build | Farm |
| 14:50 | Create | Villager (Male) |
| 15:23 | Create | Villager (Male) |
| 15:42 | Create | Villager (Male) |
| 15:51 | Build | Town Center |
| 15:55 | Create | Villager (Male) |
| 16:02 | Build | Farm |
| 16:09 | Build | Farm |
| 16:43 | Create | Villager (Male) |
| 16:49 | Build | Farm |
| 16:55 | Build | Farm |
| 17:41 | Create | Villager (Male) |
| 17:42 | Create | Villager (Male) |
| 17:48 | Create | Villager (Male) |
| 17:53 | Build | Farm |
| 18:00 | Build | Farm |
| 18:28 | Create | Villager (Male) |
| 18:31 | Create | Villager (Male) |
| 18:38 | Create | Villager (Male) |
| 18:48 | Build | Market |
| 19:00 | Research | Loom |
| 19:01 | Create | Villager (Male) |
| 19:25 | Create | Villager (Male) |
| 19:26 | Create | Villager (Male) |
| 19:35 | Create | Villager (Male) |
| 19:46 | Build | Farm |
| 20:03 | Research | Bow Saw |
| 20:06 | Research | Stone Mining |
| 20:14 | Research | Heavy Plow |
| 20:17 | Create | Villager (Male) |
| 20:23 | Create | Villager (Male) |
| 20:25 | Create | Villager (Male) |
| 20:33 | Build | House |
| 20:34 | Build | House |
| 20:36 | Build | House |
| 20:52 | Build | Farm |
| 20:53 | Build | Farm |
| 21:01 | Create | Villager (Male) |
| 21:08 | Create | Villager (Male) |
| 21:08 | Create | Villager (Male) |
| 21:36 | Create | Villager (Male) |
| 21:36 | Create | Villager (Male) |
| 21:38 | Create | Villager (Male) |
| 21:39 | Create | Villager (Male) |
| 22:06 | Build | Castle |
| 22:20 | Create | Villager (Male) |
| 22:22 | Create | Villager (Male) |
| 22:22 | Create | Villager (Male) |
| 22:37 | Build | Farm |
| 22:39 | Build | Farm |
| 22:40 | Build | Farm |
| 22:41 | Build | Farm |
| 22:42 | Build | Farm |
| 22:43 | Build | Farm |
| 22:52 | Create | Villager (Male) |
| 23:24 | Create | Villager (Male) |
| 23:24 | Create | Villager (Male) |
| 23:29 | Create | Villager (Male) |
| 23:29 | Create | Villager (Male) |
| 23:57 | Build | Town Center |
| 24:06 | Create | Villager (Male) |
| 24:07 | Create | Villager (Male) |
| 24:15 | Create | Villager (Male) |
| 24:15 | Create | Villager (Male) |
| 24:30 | Build | Farm |
| 24:31 | Build | Farm |
| 24:32 | Build | Farm |
| 24:35 | Build | Farm |
| 24:36 | Build | Farm |
| 24:54 | Create | Villager (Male) |
| 24:54 | Create | Villager (Male) |
| 24:57 | Create | Villager (Male) |
| 24:57 | Create | Villager (Male) |
| 25:08 | Build | Farm |
| 25:09 | Build | Farm |
| 25:10 | Build | Farm |
| 25:11 | Build | Farm |
| 25:12 | Build | Farm |
| 25:13 | Build | Farm |
| 25:28 | Create | Ballista Elephant |
| 25:28 | Create | Ballista Elephant |
| 25:29 | Create | Ballista Elephant |
| 27:19 | Create | Ballista Elephant |
| 27:19 | Create | Ballista Elephant |
| 27:19 | Create | Ballista Elephant |
| 28:04 | Research | Imperial Age |
| 29:11 | Research | Wheelbarrow |
| 29:12 | Create | Villager (Male) |
| 29:12 | Create | Villager (Male) |
| 29:13 | Create | Villager (Male) |
| 29:13 | Create | Villager (Male) |
| 29:13 | Create | Villager (Male) |
| 29:26 | Build | Farm |
| 29:27 | Build | Farm |
| 29:28 | Build | Farm |
| 29:30 | Build | Farm |
| 29:31 | Build | Farm |
| 29:32 | Build | Farm |
Build order — f.bdz
First 150 of 286 actions detected
| 0:00 | Create | Villager (Male) |
| 0:01 | Create | Villager (Male) |
| 0:01 | Create | Villager (Male) |
| 0:01 | Create | Villager (Male) |
| 0:02 | Build | House |
| 0:04 | Build | House |
| 0:04 | Build | House |
| 1:44 | Create | Villager (Male) |
| 1:44 | Create | Villager (Male) |
| 2:11 | Create | Villager (Male) |
| 2:11 | Create | Villager (Male) |
| 2:11 | Create | Villager (Male) |
| 2:39 | Create | Villager (Male) |
| 2:39 | Create | Villager (Male) |
| 3:00 | Create | Villager (Male) |
| 3:00 | Create | Villager (Male) |
| 3:26 | Build | House |
| 3:29 | Create | Villager (Male) |
| 3:29 | Create | Villager (Male) |
| 3:53 | Build | Lumber Camp |
| 4:03 | Create | Villager (Male) |
| 4:03 | Create | Villager (Male) |
| 4:20 | Create | Villager (Male) |
| 4:20 | Create | Villager (Male) |
| 4:44 | Create | Villager (Male) |
| 4:45 | Create | Villager (Male) |
| 5:46 | Create | Villager (Male) |
| 5:46 | Create | Villager (Male) |
| 5:46 | Create | Villager (Male) |
| 5:50 | Build | House |
| 6:28 | Research | Loom |
| 6:37 | Create | Villager (Male) |
| 6:38 | Research | Loom |
| 6:41 | Build | Mill |
| 7:33 | Research | Feudal Age |
| 7:33 | Research | Feudal Age |
| 9:43 | Age | Feudal Age |
| 9:48 | Build | Stone Wall |
| 10:03 | Build | Gate |
| 10:06 | Create | Villager (Male) |
| 10:07 | Create | Villager (Male) |
| 10:41 | Create | Villager (Male) |
| 10:41 | Create | Villager (Male) |
| 11:04 | Build | Lumber Camp |
| 11:11 | Build | House |
| 11:24 | Build | Blacksmith |
| 11:29 | Build | Market |
| 11:33 | Build | House |
| 11:41 | Create | Villager (Male) |
| 12:06 | Create | Villager (Male) |
| 12:57 | Research | Castle Age |
| 13:17 | Build | Mining Camp |
| 15:16 | Research | Double-Bit Axe |
| 15:18 | Create | Villager (Male) |
| 15:18 | Create | Villager (Male) |
| 15:37 | Age | Castle Age |
| 15:51 | Create | Villager (Male) |
| 15:51 | Create | Villager (Male) |
| 15:51 | Create | Villager (Male) |
| 16:30 | Build | Castle |
| 16:33 | Create | Villager (Male) |
| 16:48 | Build | Mining Camp |
| 17:06 | Build | Town Center |
| 17:22 | Create | Villager (Male) |
| 17:49 | Build | Farm |
| 17:49 | Build | Farm |
| 17:49 | Build | Farm |
| 17:50 | Build | Farm |
| 17:52 | Build | Farm |
| 17:55 | Create | Villager (Male) |
| 17:55 | Create | Villager (Male) |
| 18:22 | Create | Villager (Male) |
| 18:22 | Create | Villager (Male) |
| 18:25 | Build | Farm |
| 18:30 | Build | Farm |
| 18:34 | Create | Mangudai |
| 18:35 | Create | Mangudai |
| 18:52 | Build | Farm |
| 18:59 | Create | Mangudai |
| 19:13 | Create | Villager (Male) |
| 19:22 | Create | Mangudai |
| 19:24 | Create | Villager (Male) |
| 19:40 | Create | Villager (Male) |
| 19:46 | Build | Farm |
| 19:47 | Build | Farm |
| 19:47 | Build | Farm |
| 19:47 | Build | Farm |
| 19:47 | Build | Farm |
| 19:48 | Build | Farm |
| 19:51 | Build | Farm |
| 19:53 | Research | Horse Collar |
| 19:53 | Research | Horse Collar |
| 19:59 | Create | Mangudai |
| 20:01 | Create | Villager (Male) |
| 20:19 | Create | Villager (Male) |
| 20:22 | Create | Mangudai |
| 20:39 | Create | Villager (Male) |
| 20:47 | Create | Mangudai |
| 21:09 | Research | Fletching |
| 21:13 | Create | Villager (Male) |
| 21:22 | Build | Farm |
| 21:23 | Build | Farm |
| 21:23 | Build | Farm |
| 21:23 | Build | Farm |
| 21:23 | Build | Farm |
| 21:25 | Create | Villager (Male) |
| 21:27 | Create | Mangudai |
| 21:41 | Create | Villager (Male) |
| 21:53 | Research | Padded Archer Armor |
| 21:56 | Create | Mangudai |
| 22:12 | Create | Mangudai |
| 22:22 | Create | Villager (Male) |
| 22:38 | Build | University |
| 22:47 | Create | Villager (Male) |
| 22:53 | Research | Bodkin Arrow |
| 23:08 | Create | Villager (Male) |
| 23:18 | Create | Villager (Male) |
| 23:32 | Build | Barracks |
| 23:35 | Create | Villager (Male) |
| 24:03 | Research | Ballistics |
| 24:03 | Create | Villager (Male) |
| 24:04 | Create | Villager (Male) |
| 24:23 | Create | Villager (Male) |
| 24:24 | Create | Villager (Male) |
| 24:26 | Research | Bow Saw |
| 24:39 | Build | House |
| 24:39 | Build | House |
| 24:41 | Build | House |
| 24:43 | Build | House |
| 24:50 | Build | House |
| 24:55 | Create | Mangudai |
| 25:00 | Create | Villager (Male) |
| 25:01 | Create | Villager (Male) |
| 25:26 | Create | Villager (Male) |
| 25:26 | Create | Villager (Male) |
| 25:26 | Create | Villager (Male) |
| 25:43 | Create | Villager (Male) |
| 25:43 | Create | Villager (Male) |
| 25:44 | Create | Mangudai |
| 25:44 | Create | Mangudai |
| 25:54 | Create | Villager (Male) |
| 26:53 | Create | Villager (Male) |
| 26:53 | Create | Villager (Male) |
| 26:53 | Create | Mangudai |
| 26:54 | Create | Mangudai |
| 26:54 | Create | Mangudai |
| 26:54 | Create | Mangudai |
| 27:21 | Create | Villager (Male) |
| 27:21 | Create | Villager (Male) |
| 27:21 | Create | Villager (Male) |
Match timeline
| 2:17 | Longplaying · wall_segment Palisade Wall x18 |
| 9:43 | f.bdz · age_up feudal |
| 9:46 | PhOeNiX · age_up feudal |
| 9:48 | f.bdz · wall_segment Stone Wall x19 |
| 11:39 | drdany · age_up feudal |
| 11:40 | PhOeNiX · first_building Stable |
| 12:33 | f.bdz · first_market_sell 100 wood |
| 12:47 | Longplaying · age_up feudal |
| 14:12 | PhOeNiX · age_up castle |
| 15:37 | f.bdz · age_up castle |
| 16:30 | f.bdz · first_building Castle |
| 16:47 | drdany · first_building Barracks |
| 17:07 | Longplaying · age_up castle |
| 18:40 | drdany · wall_segment Stone Wall x7 |
| 19:02 | drdany · age_up castle |
| 20:00 | PhOeNiX · first_market_buy 100 food |
| 20:57 | drdany · first_market_buy 100 stone |
| 21:33 | drdany · wall_segment Stone Wall x6 |
| 22:06 | PhOeNiX · first_building Castle |
| 22:35 | Longplaying · first_building Monastery |
| 23:03 | drdany · wall_segment Stone Wall x3 |
| 23:30 | drdany · wall_segment Stone Wall x10 |
| 23:32 | f.bdz · first_building Barracks |
| 27:22 | Longplaying · first_building Castle |
| 27:50 | f.bdz · first_market_buy 100 stone |
| 27:53 | PhOeNiX · first_market_sell 100 wood |
| 29:10 | Longplaying · first_building Siege Workshop |
| 30:19 | drdany · first_building Castle |
| 30:39 | f.bdz · first_building Monastery |
| 31:14 | PhOeNiX · age_up imperial |
| 31:47 | PhOeNiX · first_building Monastery |
| 32:06 | Longplaying · age_up imperial |
| 32:43 | f.bdz · first_building Siege Workshop |
| 33:34 | drdany · first_building Stable |
| 35:29 | f.bdz · age_up imperial |
| 36:37 | PhOeNiX · resign |
[ AI ANALYSIS · 1 CREDIT ]
What really happened in this match?
Wolo.gg analyzes every decision: build order, eco, micro, common mistakes by bracket. Personalized analysis on WhatsApp or Discord in 30 seconds.
Civ guide
Franks
Map guide
Amazon Tunnel
Perfil
drdany